 Dungeon Crawl Stone Soup version 0.25-a0-785-gb22c70e (webtiles) character file.

Game seed: 45544016357386468, levelgen mode: deterministic

53 Faca the Vandal (level 4, 0/30 HPs)
             Began as a Halfling Hunter on Apr 17, 2020.
             Succumbed to an adder's poison
             ... on level 3 of the Dungeon.
             The game lasted 00:03:53 (2637 turns).

Faca the Vandal (Halfling Hunter)                   Turns: 2637, Time: 00:03:53

Health: 0/30       AC:  5    Str: 14    XL:     4   Next: 10%
Magic:  4/4        EV: 14    Int:  9    God:
Gold:   121        SH:  0    Dex: 14    Spells: 3/3 levels left

rFire    . . .     SeeInvis .   b - +0 short sword
rCold    . . .     Gourm    .   (shield restricted)
rNeg     . . .     Faith    .   c - +0 leather armour
rPois    .         Spirit   .   (no helmet)
rElec    .         Reflect  .   (no cloak)
rCorr    .         Harm     .   l - +0 pair of gloves
MR       .....                  h - +0 pair of boots
Stlth    +.........             (no amulet)
HPRegen  0.10/turn              (no ring)
MPRegen  0.09/turn              (no ring)

@: lethally poisoned (0 -> -5)
A: small, mutation resistance 1
a: no special abilities


You were on level 3 of the Dungeon.
You were not hungry.

You visited 1 branch of the dungeon, and saw 3 of its levels.

You collected 121 gold pieces.

Inventory:

Hand Weapons
 a - a +1 hunting sling
 b - a +0 short sword (weapon)
Missiles
 d - 67 sling bullets
 g - 45 stones (quivered)
Armour
 c - a +0 leather armour (worn)
 h - a +0 pair of boots (worn)
 l - a +0 pair of gloves (worn)
Scrolls
 i - a scroll of remove curse
Potions
 e - 3 potions of flight
 j - a potion of haste {unknown}
Comestibles
 f - 6 rations


   Skills:
 + Level 2.8 Fighting
 + Level 6.9 Slings
 - Level 2.1 Dodging
 - Level 1.1 Stealth


You had 3 spell levels left.
You didn't know any spells.
Your spell library was empty.

Dungeon Overview and Level Annotations

Branches:
Dungeon (3/15)

Altars:
Kikubaaqudgha


Innate Abilities, Weirdness & Mutations

You are small and have problems with some larger weapons.
You are somewhat resistant to further mutation.


Message History

The adder is lightly wounded.
The adder barely misses you.
You hit the adder.
The adder is lightly wounded.
* * * LOW HITPOINT WARNING * * *
You feel sick. The adder completely misses you. The adder closely misses you.
You miss the adder.
The adder is lightly wounded.
The adder bites you but does no damage.
You closely miss the adder.
The adder is lightly wounded.
* * * LOW HITPOINT WARNING * * *
You feel sick. The adder bites you.
* * * LOW HITPOINT WARNING * * *
You completely miss the adder.
The adder is lightly wounded.
The adder bites you but does no damage. The adder closely misses you.
You closely miss the adder.
The adder is lightly wounded.
You die...

#..# ..### # #...
.... .
#######.###..##.#
..............#.##.
....).....#........
............†......
....)....(#w..#....
######<#.#S#.# .
####....#.#@#.#
##p#._..#.#........
####....#.###...###
#######.#.. ......
#.### ..### #..
.... ### .### ..


You could see a worm and an adder.

Vanquished Creatures
  An adder (D:2)
  A worm (D:2)
  A dart slug (D:2)
  3 leopard geckos
  A ball python (D:2)
  4 bats
  A giant cockroach (D:1)
  5 goblins
  3 hobgoblins
  4 jackals (D:1)
  A frilled lizard (D:2)
  3 kobolds
  7 rats
35 creatures vanquished.

Notes
Turn   | Place    | Note
-------+----------+-------------------------------------------
     0 | D:1      | Faca the Halfling Hunter began the quest for the Orb.
     0 | D:1      | Reached XP level 1. HP: 14/14 MP: 1/1
    33 | D:1      | Reached skill level 6 in Slings
    38 | D:1      | Reached XP level 2. HP: 12/19 MP: 2/2
   315 | D:1      | You fall into a shaft and drop 1 floor!
   626 | D:1      | Reached XP level 3. HP: 25/25 MP: 3/3
  1047 | D:2      | Found a faded altar of an unknown god.
  1948 | D:2      | Found an ancient bone altar of Kikubaaqudgha.
  2164 | D:2      | HP: 1/25 [kobold/+0 dagger (2)]
  2178 | D:2      | Reached XP level 4. HP: 11/30 MP: 4/4
  2595 | D:3      | Found an ancient bone altar of Kikubaaqudgha.
  2595 | D:3      | Noticed a human
  2635 | D:3      | HP: 1/30 [adder (5)]
  2637 | D:3      | Succumbed to an adder's poison

Levels and vault maps discovered:
D:1:      lightli_arrival_lavapool, layout_loops_ring
D:2:      layout_rooms, old_standard_altar, chequers_ecumenical_altar_simple
D:3:      layout_basic, marbit_many_paths, nicolae_overflow_hidden_temple,
          first_ration, tgw_kikubaaqudgha, uniq_ijyb

Skill      XL: |  1 |
---------------+----+-----
Fighting       | 2 |  2.8
Slings         | 6 |  6.9
Dodging        | |  2.1
Stealth        | |  1.1

Action                   |  1- 3 |  4- 6 || total
-------------------------+-------+-------++-------
Melee: Short sword       |   179 |    52 ||   231
 Fire: Hunting sling     |     4 |       ||     4
  Use: Scroll            |     5 |     1 ||     6
       Potion            |     1 |     1 ||     2
 Stab: Sleeping          |     1 |       ||     1
  Eat: Chunk             |     1 |     1 ||     2
       Ration            |     1 |       ||     1
Armor: Leather armour    |    42 |    18 ||    60
Dodge: Dodged            |   138 |    36 ||   174

Table legend:
 A = Non-vault XP
 B = Vault XP
 C = Vault XP percentage of total XP
 D = Non-vault monster count
 E = Vault monster count
 F = Vault count percentage of total count
                 A         B        C        D         E       F
            +---------+---------+-------+---------+---------+-------
      Total |      76 |       0 |   0.0 |      35 |       0 |   0.0
            +---------+---------+-------+---------+---------+-------
        D:1 |      29 |       0 |   0.0 |      16 |       0 |   0.0
        D:2 |      46 |       0 |   0.0 |      18 |       0 |   0.0
        D:3 |       1 |       0 |   0.0 |       1 |       0 |   0.0
            +---------+---------+-------+---------+---------+-------
